 Dungeon Crawl Stone Soup version 0.22.1-1-ga44c0e5 (webtiles) character file.

124791 thomasnlv21 the Warrior (level 16, -1/165 HPs)
             Began as a Minotaur Berserker on Nov 1, 2018.
             Was a High Priest of Trog.
             Blown up by an orb spider (24 damage)
             ... with an orb of destruction
             ... on level 2 of the Spider Nest.
             The game lasted 04:15:44 (32073 turns).

thomasnlv21 the Warrior (Minotaur Berserker)       Turns: 32073, Time: 04:15:44

Health: -1/165     AC: 21    Str: 25      XL:     16   Next: 40%
Magic:  15/15      EV: 12    Int:  2 (4)  God:    Trog [*****.]
Gold:   2902       SH:  0    Dex: 16      Spells: 15/15 levels left

rFire    + . .     SeeInvis +   P - +3 battleaxe (vamp)
rCold    . . .     Gourm    .   (shield currently unavailable)
rNeg     . . .     Faith    .   T - +0 plate armour {rF+}
rPois    +         Spirit   .   (helmet restricted)
rElec    .         Reflect  .   (no cloak)
rCorr    .         Harm     .   w - +2 pair of gloves
MR       ++...                  k - +0 pair of boots
Stlth    ..........             J - amulet of regeneration
HPRegen  0.77/turn              E - ring of poison resistance
MPRegen  0.14/turn              W - ring of see invisible

@: no status effects
A: retaliatory headbutt, horns 2, thin skeletal structure 1, blurry vision 1,
magic resistance 1
a: Berserk, Trog's Hand, Brothers in Arms, Renounce Religion


You were on level 2 of the Spider Nest.
You worshipped Trog.
Trog was extremely pleased with you.
You were very hungry.

You visited 5 branches of the dungeon, and saw 26 of its levels.
You also visited: Ice Cave.

You collected 3202 gold pieces.
You spent 300 gold pieces at shops.

Inventory:

Hand Weapons
 M - a +0 battleaxe of freezing
 N - the +9 battleaxe "Undertaker" {drain, rC+}
   (You found it on level 5 of the Lair of Beasts)

   A truly terrible weapon, it drains the life of those it strikes.
   It protects you from cold.
 P - a +3 vampiric battleaxe (weapon)
 Q - a +1 longbow of freezing
 U - a +4 antimagic demon trident
 Y - a +2 long sword of flaming
Missiles
 o - 238 arrows (quivered)
Armour
 a - a +2 chain mail of positive energy
 k - a +0 pair of boots (worn)
 w - a +2 pair of gloves (worn)
 A - a +0 shield of protection
 C - a +3 scale mail of cold resistance
 T - a +0 plate armour of fire resistance (worn)
 X - a +1 chain mail of magic resistance
Jewellery
 b - an uncursed ring of positive energy
 v - a +5 ring of strength
 E - a ring of poison resistance (left hand)
 J - an amulet of regeneration (around neck)
 O - an uncursed ring of protection from cold
 W - a ring of see invisible (right hand)
Wands
 n - a wand of paralysis (25)
 r - a wand of acid (18)
 H - a wand of polymorph (10)
 I - a wand of enslavement (30)
 K - a wand of disintegration (13)
 L - a wand of random effects (20)
Scrolls
 e - 5 scrolls of teleportation
 f - 11 scrolls of remove curse
 l - a scroll of immolation
 p - 4 scrolls of fear
 u - 8 scrolls of identify
 y - 2 scrolls of magic mapping
 z - 2 scrolls of fog
 D - a scroll of holy word
 S - a scroll of enchant weapon
 V - 4 scrolls of enchant armour
 Z - 2 scrolls of blinking
Potions
 g - 7 potions of haste
 h - 13 potions of curing
 i - a potion of brilliance
 j - 2 potions of might
 m - 3 potions of ambrosia
 q - 2 potions of resistance
 s - 3 potions of cancellation
 t - 3 potions of magic
 x - a potion of heal wounds
 B - a potion of agility
 F - a potion of invisibility
Miscellaneous
 G - a phantom mirror
 R - a crystal ball of energy
Comestibles
 c - 31 rations


   Skills:
 * Level 20.9 Fighting
 - Level 15.4(16.0) Axes
 - Level 7.5(12.5) Polearms
 + Level 14.3 Armour
 + Level 7.9 Dodging
 + Level 2.5 Stealth
 + Level 13.4 Shields


You had 15 spell levels left.
You didn't know any spells.
Your spell library was empty.

Dungeon Overview and Level Annotations

Branches:
Dungeon (15/15)            Temple (1/1) D:5            Lair (6/6) D:10
 Shoals (0/4) Lair:4       Spider (2/4) Lair:2        Slime (0/5) Lair:6
    Orc (2/2) D:10            Elf (0/3) Orc:2        Vaults (0/5) D:14
 Depths (0/5) D:15

Altars:
Ashenzari
Cheibriados
Dithmenos
Elyvilon
Fedhas
Gozag
Hepliaklqana
Kikubaaqudgha
Makhleb
Nemelex Xobeh
Okawaru
Qazlal
Ru
Sif Muna
Trog
Uskayaw
Vehumet
Wu Jian
Xom
Yredelemnul
Zin
The Shining One

Shops:
D:6 ?   D:7 (   D:12 :   Orc:1 %   Orc:2 [[%:

Annotations:
D:12 exclusion: oklob plant


Innate Abilities, Weirdness & Mutations

You reflexively headbutt those who attack you in melee.
You have a pair of horns on your head.
You have a somewhat thin skeletal structure. (Dex +2, Stealth)
Scrolls take you a little longer to read.
You are resistant to hostile enchantments. (MR+)


Message History

* * * LOW HITPOINT WARNING * * *
The orb spider weaves a glowing orb of energy.
An orb of destruction comes into view.
The orb of destruction moves out of view.
Things that are here:
a tarantella corpse x2; a redback corpse You see here a tarantella corpse.
You see here a redback corpse.
The orb spider spins a strand of pure energy.
You recover from your berserk rage.
The orb spider weaves a glowing orb of energy.
An orb of destruction comes into view.
The orb spider spins a strand of pure energy.
The orb of destruction hits you!
* * * LOW HITPOINT WARNING * * *
The orb spider weaves a glowing orb of energy.
An orb of destruction comes into view.
There is a stone staircase leading up here.
The orb of destruction hits you!
You die...

...........#...#....†............
..........##...#.............^...
..^.......#....#..........#######
..........#....#.......####.....#
##.....)..#...^#......##.......##
^#......[.#....#>..####..........
.##....^..#......................
..##^.....#..............^.....##
...###....#.....@.............##
.....###.........§............#
..................§...###########
...^...............§§s...........
................................#
..........................^......
##...#.........#.......†...######
.....#.........#.......††....^..#
.....#....)....#.................


You could see an orb spider.

Vanquished Creatures
  Rupert (Lair:5)
  Gastronok (D:9)
  A ghost moth (Spider:2)
  Azrael (Spider:1)
  A spark wasp (Spider:1)
  An ogre mage (D:14)
  3 ice dragons
  4 vault guards (D:14)
  2 centaur warriors (D:14)
  6 hydras
  A death knight (D:15)
  Erica (D:9)
  8 death yaks
  5 two-headed ogres
  A tengu warrior (D:11)
  2 orc high priests (Orc:2)
  An unseen horror (D:15)
  A phantasmal warrior (D:15)
  A wolf spider zombie (D:15)
  A deep elf archer (D:14)
  A lindwurm (Lair:6)
  9 orb spiders
  5 orc knights
  5 orc sorcerers
  12 wolf spiders
  12 slime creatures
  A deep elf mage (D:14)
  5 ugly things
  5 cyclopes
  4 manticores
  5 elephants
  A moth of wrath (Spider:1)
  4 black mambas
  Maurice (D:9)
  3 merfolk sirens (Lair:4)
  7 torpor snails
  2 gargoyles
  A centaur zombie (D:12)
  An ice statue (IceCv)
  Psyche (D:9)
  6 spiny frogs
  5 demonic crawlers
  A kobold demonologist (D:14)
  A freezing wraith (D:15)
  6 komodo dragons
  A yaktaur (D:14)
  A meliai (shapeshifter) (D:13)
  24 polar bears
  7 trolls
  5 jumping spiders
  A merfolk (Lair:4)
  4 tyrant leeches (Lair:6)
  A blink frog (shapeshifter) (D:14)
  Prince Ribbit (D:5)
  A raiju (Lair:6)
  6 hornets (Lair:6)
  22 blink frogs
  11 hippogriffs
  5 dream sheep (Lair:6)
  2 shadows
  16 redbacks
  5 wraiths
  65 yaks
  9 tarantellas
  A vampire (D:10)
  2 wyverns (D:14)
  2 basilisks
  Eustachio (D:4)
  2 fire elementals (Spider:1)
  6 vampire mosquitoes
  A hungry ghost (D:11)
  6 wargs
  Edmund (D:5)
  2 acid dragons
  21 hell hounds
  A soldier ant (D:13)
  11 water moccasins
  7 porcupines
  An eye of draining (D:14)
  13 black bears
  3 ice beasts
  12 ogres
  24 orc warriors
  2 sky beasts
  A slave (D:9)
  A hornet zombie (D:11)
  2 necrophages
  35 wolves
  3 phantoms
  5 centaurs
  15 crocodiles
  3 big kobolds
  18 bullfrogs
  A wyvern skeleton (D:11)
  7 scorpions
  21 killer bees
  A howler monkey (D:13)
  8 wights
  2 electric eels
  7 crimson imps
  A wyvern simulacrum (D:15)
  A bullfrog zombie (D:7)
  5 quasits
  3 bullfrog skeletons
  6 hounds
  17 jellies
  15 orc priests
  18 orc wizards
  2 centaur skeletons
  5 iguanas
  10 worker ants
  A killer bee zombie (D:10)
  2 hound skeletons
  2 worker ant zombies (D:10)
  A gnoll (D:1)
  11 adders
  2 shadow imps
  A white imp (D:4)
  4 oozes
  A worm (D:2)
  3 dart slugs
  6 leopard geckos
  63 orcs
  A ball python (D:3)
  3 giant cockroaches
  3 hobgoblins
  9 jackals
  4 quokkas
  9 bats
  3 frilled lizards
  A giant cockroach zombie (D:5)
  8 goblins
  2 goblin skeletons (D:4)
  3 hobgoblin zombies (D:4)
  17 kobolds
  A kobold zombie (D:4)
  A leopard gecko skeleton (D:4)
  A leopard gecko zombie (D:6)
  3 orc skeletons (D:4)
  An orc zombie (D:4)
  4 rats
  2 bushes (Lair:2)
  A butterfly (Lair:5)
  11 fungi
  19 plants
870 creatures vanquished.

Vanquished Creatures (collateral kills)
  A frost giant (IceCv)
  An orc warlord (Orc:1)
  Josephine (Lair:4)
  A centaur warrior (D:13)
  Urug (Lair:1)
  An orc high priest (Orc:2)
  A flayed ghost (D:15)
  A wizard (D:14)
  Pikel (D:9)
  An ugly thing (D:11)
  A centaur zombie (D:15)
  A spiny frog (Lair:4)
  2 centaur skeletons
  An efreet (D:15)
  3 polar bears (IceCv)
  3 blink frogs (Lair:4)
  A hippogriff (Lair:4)
  2 wraiths (Lair:4)
  2 yaks
  A warg (Orc:1)
  An acid dragon (D:15)
  An orc warrior (D:15)
  An eye of draining (D:15)
  An ogre (Orc:1)
  3 centaurs (D:13)
  2 bullfrogs (Lair:4)
  A scorpion (D:14)
  An orc wizard (D:14)
  An orc priest (Orc:2)
  8 orcs
47 creatures vanquished.

Vanquished Creatures (others)
  A two-headed ogre (D:9)
  A slave (D:9)
  10 fungi
  25 plants
37 creatures vanquished.

Grand Total: 954 creatures vanquished

Notes
Turn   | Place    | Note
-------+----------+-------------------------------------------
     0 | D:1      | thomasnlv21 the Minotaur Berserker began the quest for the
                  | Orb.
     0 | D:1      | Reached XP level 1. HP: 19/19 MP: 0/0
   146 | D:1      | Reached XP level 2. HP: 24/27 MP: 1/1
   291 | D:1      | Reached skill level 4 in Fighting
   392 | D:1      | Reached skill level 1 in Shields
   392 | D:1      | Reached XP level 3. HP: 30/33 MP: 2/2
   860 | D:1      | You fall through a shaft!
   896 | D:2      | Reached ** piety under Trog
  1228 | D:2      | Reached XP level 4. HP: 40/40 MP: 3/3
  1410 | D:2      | Found a sparkling altar of Nemelex Xobeh.
  1507 | D:2      | Found a faded altar of an unknown god.
  1824 | D:3      | Reached skill level 5 in Axes
  1904 | D:3      | Reached XP level 5. HP: 47/47 MP: 4/4
  2060 | D:3      | Found an iron altar of Okawaru.
  2307 | D:4      | Noticed Eustachio
  2341 | D:4      | Killed Eustachio
  2341 | D:4      | Reached XP level 6. HP: 55/55 MP: 5/5
  2392 | D:4      | Reached skill level 5 in Fighting
  2474 | D:4      | Found a glowing golden altar of the Shining One.
  2496 | D:4      | Reached *** piety under Trog
  2758 | D:4      | Reached XP level 7. HP: 61/61 MP: 6/6
  3162 | D:5      | Entered Level 5 of the Dungeon
  3297 | D:5      | Noticed Prince Ribbit
  3402 | D:5      | Killed Prince Ribbit
  3561 | D:5      | Found a staircase to the Ecumenical Temple.
  3584 | Temple   | Entered the Ecumenical Temple
  3946 | D:5      | Reached skill level 5 in Shields
  3954 | D:5      | Reached skill level 6 in Fighting
  4055 | D:5      | Noticed Edmund
  4062 | D:5      | Killed Edmund
  4062 | D:5      | Reached skill level 1 in Stealth
  4062 | D:5      | Reached XP level 8. HP: 70/70 MP: 7/7
  4581 | D:6      | Found a stormy altar of Qazlal.
  4584 | D:6      | Noticed an air elemental
  4741 | D:6      | Found Bein's Magic Scroll Shop.
  4750 | D:6      | Found a burning altar of Makhleb.
  4750 | D:6      | Found a glowing silver altar of Zin.
  4751 | D:6      | Noticed an angel
  4751 | D:6      | Noticed a balrug
  4990 | D:6      | Reached skill level 5 in Armour
  5767 | D:7      | Reached skill level 7 in Fighting
  5796 | D:7      | Found Haraw's Weapon Emporium.
  5892 | D:7      | Reached **** piety under Trog
  6040 | D:7      | Found a white marble altar of Elyvilon.
  6271 | D:8      | Received a gift from Trog
  6359 | D:8      | Found an ornate altar of the Wu Jian Council.
  6407 | D:8      | Noticed a hippogriff
  6417 | D:8      | Killed a hippogriff
  6417 | D:8      | Reached XP level 9. HP: 59/79 MP: 8/8
  6719 | D:8      | Noticed a two-headed ogre
  6731 | D:8      | Killed a two-headed ogre
  6731 | D:8      | Reached skill level 8 in Fighting
  6816 | D:8      | Reached skill level 10 in Axes
  7207 | D:9      | Noticed Psyche
  7214 | D:9      | Killed Psyche
  7216 | D:9      | Reached XP level 10. HP: 81/90 MP: 9/9
  7290 | D:9      | Noticed Gastronok
  7294 | D:9      | Reached skill level 9 in Fighting
  7305 | D:9      | Killed Gastronok
  7422 | D:9      | Found a shadowy altar of Dithmenos.
  7422 | D:9      | Found a glowing golden altar of the Shining One.
  7422 | D:9      | Found a blossoming altar of Fedhas.
  7491 | D:9      | Noticed Erica
  7656 | D:9      | Reached skill level 10 in Fighting
  7950 | D:9      | Reached ***** piety under Trog
  8013 | D:9      | Noticed Maurice
  8027 | D:9      | Killed Maurice
  8050 | D:9      | Noticed Pikel
  8063 | D:9      | Killed Pikel
  8063 | D:9      | Reached skill level 10 in Shields
  8083 | D:9      | Noticed a two-headed ogre
  8089 | D:9      | Killed a two-headed ogre
  8091 | D:9      | Killed Erica
  8588 | D:10     | Entered Level 10 of the Dungeon
  8608 | D:10     | Reached XP level 11. HP: 101/101 MP: 10/10
  9007 | D:10     | Got a heavily runed ring mail
  9008 | D:10     | Identified the cursed +1 ring mail of the Snail {MR+ Str+4}
                  | (You found it on level 10 of the Dungeon)
  9037 | D:10     | Gained mutation: Scrolls take you a little longer to read.
                  | [potion of mutation]
  9037 | D:10     | Gained mutation: You are resistant to hostile enchantments.
                  | (MR+) [potion of mutation]
  9037 | D:10     | Gained mutation: You have a somewhat thin skeletal
                  | structure. (Dex +2, Stealth) [potion of mutation]
  9265 | D:10     | Found a staircase to the Lair.
  9534 | D:10     | Reached skill level 11 in Fighting
  9927 | D:10     | Found a staircase to the Orcish Mines.
 10017 | Lair:1   | Entered Level 1 of the Lair of Beasts
 10655 | Lair:1   | Noticed Urug
 10665 | Lair:1   | Killed Urug
 10853 | Lair:1   | Received a gift from Trog
 11629 | Lair:2   | Found a hole to the Spider Nest.
 11629 | Lair:2   | Noticed an orb spider
 11993 | Lair:3   | Noticed an eight-headed hydra
 12273 | D:11     | Found a shattered altar of Ashenzari.
 12429 | D:11     | Reached XP level 12. HP: 112/112 MP: 11/11
 12560 | D:11     | Reached skill level 12 in Fighting
 12669 | D:11     | Noticed a tengu warrior
 12679 | D:11     | Killed a tengu warrior
 13815 | D:11     | Reached skill level 1 in Polearms
 14180 | Lair:3   | Killed an eight-headed hydra
 15363 | Lair:4   | Reached skill level 13 in Fighting
 15402 | Lair:4   | Reached skill level 5 in Dodging
 15463 | Lair:4   | Reached skill level 5 in Polearms
 15534 | Lair:4   | Noticed Josephine
 15545 | Lair:4   | Killed Josephine
 15564 | Lair:4   | Reached XP level 13. HP: 117/122 MP: 12/12
 15663 | Lair:4   | Received a gift from Trog
 15874 | Lair:4   | Found a staircase to the Shoals.
 16212 | Lair:5   | Got a steaming battleaxe
 16215 | Lair:5   | Identified the +9 battleaxe "Undertaker" {drain, rC+} (You
                  | found it on level 5 of the Lair of Beasts)
 16304 | Lair:5   | Reached skill level 10 in Armour
 16456 | Lair:5   | Found a frozen archway.
 16465 | IceCv    | Entered an ice cave
 16673 | IceCv    | Identified a scroll of acquirement
 16742 | IceCv    | Reached skill level 14 in Fighting
 16836 | IceCv    | Noticed a frost giant
 16871 | IceCv    | Killed a frost giant
 17685 | Lair:5   | Noticed Rupert
 17693 | Lair:5   | Killed Rupert
 18060 | Lair:6   | Entered Level 6 of the Lair of Beasts
 18067 | Lair:6   | Reached skill level 15 in Axes
 18090 | Lair:6   | Reached XP level 14. HP: 73/133 MP: 13/13
 18234 | Lair:6   | Received a gift from Trog
 18323 | Lair:6   | Reached skill level 15 in Fighting
 18563 | Lair:6   | Found a staircase to the Slime Pits.
 19043 | Lair:6   | Reached skill level 16 in Fighting
 19305 | Lair:6   | Reached ****** piety under Trog
 19345 | Lair:6   | Received a gift from Trog
 20086 | Lair:6   | Found a runed door.
 20123 | Lair:6   | Reached skill level 17 in Fighting
 21261 | D:12     | Found Zeojith's Book Emporium.
 21888 | D:12     | Found a blossoming altar of Fedhas.
 22574 | Orc:1    | Entered Level 1 of the Orcish Mines
 22834 | Orc:1    | Noticed an orc warlord
 22836 | Orc:1    | Received a gift from Trog
 22844 | Orc:1    | Found Tyunoem's Food Shop.
 22844 | Orc:1    | Killed an orc warlord
 22844 | Orc:1    | Reached XP level 15. HP: 97/148 MP: 14/14
 23135 | Orc:2    | Entered Level 2 of the Orcish Mines
 23523 | Orc:2    | Reached skill level 18 in Fighting
 23538 | Orc:2    | HP: 6/149 [something (5)]
 23555 | Orc:2    | HP: 5/149 [orc high priest/divine providence (13)]
 23597 | Orc:1    | HP: 7/223 [orc priest/divine providence (12)]
 23988 | Orc:2    | Found Pekloh's Antique Armour Shop.
 23988 | Orc:2    | Found Oskewnu's Book Shoppe.
 23991 | Orc:2    | Found Detrum's Armour Shop.
 23991 | Orc:2    | Found Fenavic's Food Shoppe.
 24450 | Orc:2    | Found a staircase to the Elven Halls.
 25055 | Orc:1    | Bought a ration for 60 gold pieces
 25055 | Orc:1    | Bought a ration for 60 gold pieces
 25055 | Orc:1    | Bought a ration for 60 gold pieces
 25055 | Orc:1    | Bought a ration for 60 gold pieces
 25055 | Orc:1    | Bought a ration for 60 gold pieces
 25266 | D:13     | Received a gift from Trog
 26309 | D:14     | Reached skill level 19 in Fighting
 26363 | D:14     | Found an opulent altar of Gozag.
 26414 | D:14     | Found a snail-covered altar of Cheibriados.
 26809 | D:14     | Found a gate to the Vaults.
 27627 | D:15     | Entered Level 15 of the Dungeon
 27673 | D:15     | Received a gift from Trog
 28117 | D:15     | Reached skill level 20 in Fighting
 28636 | D:15     | Found a staircase to the Depths.
 29406 | Spider:1 | Entered Level 1 of the Spider Nest
 29440 | Spider:1 | Reached XP level 16. HP: 163/163 MP: 15/15
 30134 | Spider:1 | Got a warped scale mail
 30206 | Spider:1 | Noticed Azrael
 30212 | Spider:1 | Killed Azrael
 30220 | Spider:1 | Received a gift from Trog
 32073 | Spider:2 | Blown up by an orb spider

Skill      XL: |  1  2  3  4  5  6  7  8  9 10 11 12 13 14 15 16 |
---------------+-------------------------------------------------+-----
Axes           | 4 5 6 7 8 10 11 13 15 | 15.4
Fighting       | 4 5 6 7 8 10 11 13 14 17 20 | 20.9
Shields        | 1 2 4 5 7 8 10 12 13 | 13.4
Armour         | 3 4 5 6 8 9 10 11 13 14 | 14.3
Dodging        | 3 5 6 7 |  7.9
Stealth        | 1 2 |  2.5
Polearms       | 5 7 |  7.5

Action                   |  1- 3 |  4- 6 |  7- 9 | 10-12 | 13-15 | 16-18 || total
-------------------------+-------+-------+-------+-------+-------+-------++-------
Melee: Hand axe          |   104 |   155 |     3 |       |       |       ||   262
       Headbutt          |    21 |    22 |    42 |   219 |   283 |    45 ||   632
       War axe           |       |       |   261 |   425 |       |       ||   686
       Broad axe         |       |       |       |   113 |       |       ||   113
       Spear             |       |       |       |   259 |    71 |       ||   330
       Morningstar       |       |       |       |     1 |       |       ||     1
       Battleaxe         |       |       |       |       |   838 |   167 ||  1005
       Halberd           |       |       |       |       |    42 |       ||    42
       Demon trident     |       |       |       |       |    77 |       ||    77
       Flail             |       |       |       |       |     4 |       ||     4
Invok: Berserk           |       |     2 |     6 |    16 |    23 |     6 ||    53
       Brothers in Arms  |       |       |       |     6 |     8 |       ||    14
  Use: Scroll            |     3 |     2 |     5 |    13 |    12 |     2 ||    37
       Potion            |     3 |     4 |       |    13 |     1 |     1 ||    22
 Stab: Invisible         |       |     1 |       |       |       |       ||     1
       Distracted        |       |       |       |       |     2 |       ||     2
       Held in net/web   |       |       |       |       |       |     2 ||     2
  Eat: Chunk             |     1 |     7 |     9 |    24 |    46 |     2 ||    89
       Ration            |       |       |     3 |     6 |     8 |     3 ||    20
Armor: Animal skin       |    16 |       |       |       |       |       ||    16
       Chain mail        |    29 |    68 |    84 |       |       |       ||   181
       Plate armour      |       |       |    22 |   125 |   193 |   193 ||   533
       Scale mail        |       |       |       |    79 |   320 |       ||   399
Dodge: Dodged            |    22 |    21 |    43 |   136 |   670 |   168 ||  1060
Block: Large shield      |    69 |   112 |   264 |   432 |       |       ||   877
       Shield            |       |       |       |   135 |    11 |       ||   146
